 Dungeon Crawl Stone Soup version 0.30.0-29-ga12c61a403 (webtiles) character file.

Game seed: 13158296944748238524

286935 McKennaii the Warrior (level 19, -25/167 HPs)
             Began as a Demonspawn Fighter on June 3, 2023.
             Was the Champion of Qazlal.
             Killed from afar by a wretched star (32 damage)
             ... with a lance of force
             ... while paralysed by accursed screaming
             ... on level 4 of the Abyss.
             The game lasted 01:33:31 (32309 turns).

McKennaii the Warrior (Demonspawn Fighter)         Turns: 32309, Time: 01:33:31

Health: -25/167    AC: 40    Str: 28      XL:     19   Next: 84%
Magic:  30/31      EV:  2    Int:  3 (4)  God:    Qazlal [******]
Gold:   1014       SH:  0    Dex: 17 (18) Spells: 18/18 levels left

rFire   . . .        c - +9 double sword (drain)
rCold   . . .        S - +2 tower shield {AC+3}
rNeg    + . .        H - +15 Maxwell's patent armour {-Cast -Tele rElec Will+ rCorr}
rPois   .            m - +2 hat
rElec   +            F - +1 cloak of Lesser Demons {Str+6}
rCorr   +            (no gloves)
SInv    +            (boots unavailable)
Will    ++...        k - amulet "Zoofrot" {Faith Regen+ Str+3} Stlth
                     G - ring of Nuisk {rN+ EV+5 SInv}
HPRegen 0.00/turn    L - ring of resist corrosion
MPRegen 0.22/turn

%: no teleportation, no spellcasting, random rage (9%), repel missiles, faith
@: paralysed, protected from physical damage, sick, studying 2 skills, unable to
read
A: hooves 3, demonic guardian 3, powered by death 2, black mark, sharp scales 1,
bedeviling, beak, agile 1, regeneration 1, [berserk 2], [deformed body],
[deterioration 1], [dopey 2], [weak 2], [inability to read after injury 2]
}: 2/15 runes: decaying, serpentine
a: Renounce Religion, Upheaval, Elemental Force, Disaster Area


You were on level 4 of the Abyss.
You worshipped Qazlal.
Qazlal was exalted by your worship.
You visited 7 branches of the dungeon, and saw 34 of its levels.
You visited the Abyss 1 time.
You also visited: Sewer, Ossuary, Bailey, Gauntlet, Ice Cave and Volcano.

You collected 4817 gold pieces.
You spent 3803 gold pieces at shops.

Inventory:

Hand Weapons
 c - a +9 double sword of draining (weapon)
 W - a +2 heavy trident
Armour
 a - the +2 pair of gloves of Cihe {rElec rN+++ Int-4 SInv}
   (You found it in a Gauntlet)

   Int:       It affects your intelligence (-4).
   rElec:     It insulates you from electricity.
   rN:        It renders you almost immune to negative energy.
   SInv:      It lets you see invisible.
 m - a +2 hat (worn)
 F - the +1 cloak of Lesser Demons (worn) {Str+6}
   (You found it in an ice cave)

   Str:       It affects your strength (+6).
 H - the +15 Maxwell's patent armour (worn) {-Cast -Tele rElec Will+ rCorr}
   (You took it off a minotaur in a Gauntlet)

   rElec:     It insulates you from electricity.
   -Cast:     It prevents spellcasting.
   -Tele:     It prevents most forms of teleportation.
   rCorr:     It protects you from acid and corrosion.
   Will:      It increases your willpower.
 K - the +1 helmet "Ungemib" {-Tele Str+9 Dex+5}
   (You found it on level 3 of the Elven Halls)

   Str:       It affects your strength (+9).
   Dex:       It affects your dexterity (+5).
   -Tele:     It prevents most forms of teleportation.
 S - a +2 tower shield of protection (worn)
Jewellery
 b - a ring of protection from fire
 f - a ring of ice
 k - the amulet "Zoofrot" (around neck) {Faith Regen+ Str+3}
   (You acquired it in an ice cave)

   [amulet of faith]

   It allows you to gain divine favour quickly.
   Str:       It affects your strength (+3).
   Regen:     It increases your rate of health regeneration.
 y - a ring of poison resistance
 D - the ring of Xainn {Ice Slay+2}
   (You found it in an ice cave)

   [ring of ice]

   It enhances your ice magic.
   Slay:      It affects your accuracy & damage with ranged weapons and melee
   (+2).
   rF:        It makes you vulnerable to fire.
   rC:        It protects you from cold.
 G - the ring of Nuisk (left hand) {rN+ EV+5 SInv}
   (You took it off a minotaur in a Gauntlet)

   [ring of evasion]

   EV:        It affects your evasion (+5).
   rN:        It protects you from negative energy.
   SInv:      It lets you see invisible.
 L - a ring of resist corrosion (right hand)
 Z - a ring of positive energy
Wands
 N - a wand of charming (24)
 Q - a wand of acid (15)
 R - a wand of mindburst (21)
 T - a wand of roots (71)
 V - a wand of digging (20)
 Y - a wand of polymorph (8)
Scrolls
 g - 16 scrolls of teleportation
 i - 8 scrolls of immolation
 j - 4 scrolls of enchant weapon
 l - 8 scrolls of poison
 n - 6 scrolls of magic mapping
 p - 9 scrolls of fear
 q - 10 scrolls of enchant armour
 r - a scroll of brand weapon
 s - 6 scrolls of fog
 v - 4 scrolls of torment
 w - 8 scrolls of identify
 x - 8 scrolls of blinking
 C - 4 scrolls of butterflies
 E - 3 scrolls of amnesia
 I - 8 scrolls of vulnerability
 P - 3 scrolls of silence
Potions
 d - 7 potions of might
 e - 7 potions of brilliance
 h - 9 potions of heal wounds
 o - 9 potions of cancellation
 t - 6 potions of flight
 u - 13 potions of magic
 z - 4 potions of attraction
 A - 6 potions of mutation
 B - 17 potions of curing
 J - 3 potions of invisibility
 M - 3 potions of haste
 O - 2 potions of ambrosia
 U - 5 potions of berserk rage
 X - 2 potions of resistance


   Skills:
 + Level 19.6 Fighting
 + Level 14.1 Long Blades
 - Level 3.6 Polearms
 + Level 19.3 Armour
 + Level 15.8 Shields
 + Level 16.7 Invocations


You had 18 spell levels left.
You didn't know any spells.
Your spell library contained the following spells:

 Spells                   Type           Power      Damage    Failure   Level
 Beastly Appendage        Tmut           0%         N/A       99%         1
 Sandblast                Erth           0%         2d4       99%         1
 Summon Small Mammal      Summ           0%         N/A       99%         1
 Cigotuvi's Dreadful Rot  Necr/Pois/Air  0%         N/A       100%        2
 Ensorcelled Hibernation  Hex/Ice        0%         N/A       100%        2
 Passwall                 Tmut/Erth      0%         N/A       100%        2
 Wereblood                Tmut           0%         N/A       100%        2
 Call Canine Familiar     Summ           0%         N/A       100%        3
 Dazzling Flash           Conj/Hex       0%         N/A       100%        3
 Gell's Gravitas          Tloc           0%         N/A       100%        3
 Ignite Poison            Fire/Tmut/Pois 0%         N/A       100%        3
 Inner Flame              Hex/Fire       0%         N/A       100%        3
 Portal Projectile        Hex/Tloc       0%         N/A       100%        3
 Spider Form              Tmut/Pois      0%         N/A       100%        3
 Stone Arrow              Conj/Erth      0%         3d7       100%        3
 Summon Guardian Golem    Hex/Summ       0%         N/A       100%        3
 Swiftness                Air            0%         N/A       100%        3
 Teleport Other           Tloc           0%         N/A       100%        3
 Volatile Blastmotes      Fire/Tloc      0%         2d10      100%        3
 Animate Armour           Summ/Erth      0%         N/A       100%        4
 Animate Dead             Necr           0%         N/A       100%        4
 Fulminant Prism          Conj/Hex       0%         3d5       100%        4
 Iskenderun's Mystic Bla  Conj/Tloc      0%         2d3       100%        4
 Leda's Liquefaction      Hex/Erth       0%         N/A       100%        4
 Summon Ice Beast         Ice/Summ       0%         N/A       100%        4
 Summon Lightning Spire   Summ/Air       0%         N/A       100%        4
 Blade Hands              Tmut           0%         N/A       100%        5
 Borgnjor's Vile Clutch   Necr/Erth      0%         N/A       100%        5
 Freezing Cloud           Conj/Ice/Air   0%         6-21      100%        5
 Irradiate                Conj/Tmut      0%         3d11      100%        5
 Lee's Rapid Deconstruct  Erth           0%         3d4*      100%        5
 Yara's Violent Unravell  Hex/Tmut       0%         3d3       100%        5
 Dispersal                Tloc           0%         N/A       100%        6
 Simulacrum               Ice/Necr       0%         N/A       100%        6
 Starburst                Conj/Fire      0%         6d3       100%        6
 Dragon Form              Tmut           0%         N/A       100%        7
 Enfeeble                 Hex            0%         N/A       100%        7
 Haunt                    Necr/Summ      0%         N/A       100%        7
 Monstrous Menagerie      Summ           0%         N/A       100%        7
 Infestation              Necr           0%         N/A       100%        8
 Lehudib's Crystal Spear  Conj/Erth      0%         10d2      100%        8
 Necromutation            Tmut/Necr      0%         N/A       100%        8


Dungeon Overview and Level Annotations

Branches:
Dungeon (15/15)            Temple (1/1) D:4            Lair (5/5) D:9
  Swamp (4/4) Lair:2        Snake (4/4) Lair:2        Slime (0/5) Lair:5
    Orc (2/2) D:11            Elf (3/3) Orc:2        Vaults (0/5) D:14
 Depths (0/4) D:15          Sewer (visited)         Ossuary (visited)
 Bailey (visited)           IceCv (visited)         Volcano (visited)
Gauntlet (visited)

Altars:
Ashenzari
Cheibriados
Dithmenos
Fedhas
Gozag
Hepliaklqana
Kikubaaqudgha
Makhleb
Nemelex Xobeh
Okawaru
Qazlal
Ru
Sif Muna
Trog
Uskayaw
Vehumet
Wu Jian
Xom
Yredelemnul
Jiyva

Shops:
D:5 *   D:15 :   Orc:1 :   Orc:2 (?:[   Elf:1 [   Elf:2 *   Elf:3 =
Snake:2 =:=:   Snake:3 [*:!   Snake:4 :


Innate Abilities, Weirdness & Mutations

You have hooves in place of feet.
A powerful demonic guardian rushes to your aid.
You regenerate health from kills.
Your melee attacks may debilitate your foes.
You are partially covered in razor-sharp scales. (AC +1, Slay +1)
Your hexes are more powerful.
You have a beak for a mouth.
You are agile. (Dex +4, Str/Int -1)
Your natural rate of healing is unusually fast.
[You have an uncontrollable temper.]
[Armour fits poorly on your strangely shaped body.]
[Your body sometimes deteriorates upon taking damage.]
[You are very dopey. (Int -4)]
[You are very weak. (Str -4)]
[You sometimes lose the ability to read scrolls when taking damage.]


Message History

Your cacodemon twists and deforms.
You slice the starcursed mass!! You kick the starcursed mass.
You peck the starcursed mass, but do no damage.
The starcursed mass is moderately damaged.
The starcursed mass shudders and is absorbed by its neighbour.
You hear a bark!
The starcursed mass is engulfed in a thunderstorm.
You destroy the starcursed mass!
Qazlal accepts your kill.
You hear a bark! x3
A cacophony of accursed wailing tears at your sanity!
You feel threatened and lose the ability to read scrolls!
* * * LOW HITPOINT WARNING * * *
You suddenly lose the ability to move!
The smoke demon gestures at you. Something smites you!
* * * LOW HITPOINT WARNING * * *
Your cacodemon hits the starcursed mass but does no damage.
Your cacodemon hits the starcursed mass!
The starcursed mass shudders and is absorbed by its neighbour.
A rakshasa comes into view.
It is wielding a +2 whip of electrocution.
The wretched star pulses with an eldritch light!
Your body twists and deforms.
Your cacodemon twists and deforms.
The starcursed mass is engulfed in blazing flames.
The starcursed mass shudders and is absorbed by its neighbour.
You hear a bark!
You hear a roar!
A starcursed mass splits.
Your cacodemon gestures at the starcursed mass.
The bolt of energy hits the starcursed mass!!
The starcursed mass is blown up!
Qazlal accepts your kill.
The bolt of energy hits the starcursed mass!
The starcursed mass shudders and is absorbed by its neighbour.
The wretched star is engulfed in a thunderstorm.
The wretched star glows turbulently.
The lance of force hits you!!
You feel more protected from physical attacks.
You die...

#L#.# .X.# .
. ...
....##. #. #
... #...#..
.. ..# .# ..
# .#X5X# 3X
X ..#.#.3X#
# # XX
.##X#XX
.####X##
.##○.#.# .
####.*# # ..
#.#2@X# ## .
.
##..##X3...#
...#
#####.*..R#
. # # ##...
. #.# . .
..# ..# ..
.. . .


You could see 8 starcursed masses, a wretched star, a rakshasa, a sixfirhy, a
smoke demon, a quasit, a lurking horror (wandering) and a friendly cacodemon
(summoned, misshapen).

Vanquished Creatures
  Mara (Swamp:3)
  A profane servitor (Abyss:4)
  A tentacled monstrosity (Abyss:4)
  A Hell Sentinel (Abyss:4)
  2 acid blobs (Lair:5)
  Agnes (D:15)
  A daeva (Abyss:4)
  A rockslime (IceCv)
  2 nagarajas
  2 azure jellies (IceCv)
  2 deep elf sorcerers
  Aizul (Snake:1)
  2 orc warlords
  A deep elf elementalist (Elf:2)
  4 quicksilver oozes (IceCv)
  6 eleionomae
  A deep elf demonologist (Elf:1)
  6 bunyips (Swamp:2)
  A minotaur (Gauntlet)
  3 deep elf annihilators (Elf:3)
  2 deep elf death magi
  4 fire dragons
  An entropy weaver (Abyss:4)
  A quicksilver dragon zombie (D:15)
  2 shambling mangroves
  17 hydras
  Fannar (D:10)
  4 salamander tyrants
  A merfolk avatar (Lair:5)
  A ghost crab (Swamp:3)
  2 ogre magi
  A spriggan air mage (Swamp:4)
  A catoblepas (Lair:5)
  3 boulder beetles
  7 centaur warriors
  2 vault guards (Bailey)
  13 two-headed ogres
  26 dancing weapons
  8 alligators
  13 anacondas
  8 death yaks
  13 naga warriors
  An orc high priest (Orc:1)
  2 tengu warriors (D:15)
  2 thrashing horrors (Abyss:4)
  11 shock serpents
  Urug (Lair:3)
  7 naga sharpshooters
  11 deep elf knights
  Sonja (Lair:1)
  6 skysharks
  5 goliath frogs
  2 spriggan druids (Swamp:3)
  A sea snake (Lair:5)
  2 fire crabs
  10 salamander mystics
  2 skeletal warriors (D:15)
  A glowing orange brain (Abyss:4)
  5 naga ritualists
  9 bog bodies
  A tengu zombie (D:15)
  An obsidian statue (Gauntlet)
  A wizard (D:15)
  5 lindwurms
  24 deep elf zephyrmancers
  9 orc knights
  An orange crystal statue (IceCv)
  7 swamp dragons
  9 deep elf archers
  A phantasmal warrior (D:15)
  22 deep elf pyromancers
  A spriggan simulacrum (Snake:1)
  A harpy (Lair:5)
  A necromancer (D:15)
  5 manticores
  An orc sorcerer (Orc:1)
  7 ugly things
  17 mana vipers
  4 cyclopes
  6 will-o-the-wisps
  32 salamanders
  25 elephants
  A smoke demon (Abyss:4)
  10 guardian serpents
  10 naga magi
  A stone giant skeleton (D:15)
  A gargoyle (D:13)
  An unseen horror (D:11)
  38 black mambas
  7 cane toads
  A komodo dragon (shapeshifter) (D:15)
  A spriggan zombie (D:15)
  An efreet (Abyss:4)
  6 komodo dragons
  2 anaconda simulacra (Snake:1)
  An ancient zyme (Abyss:4)
  A meliai (D:15)
  A hellwing (Abyss:4)
  10 hornets
  9 trolls
  3 polar bears (Lair:5)
  8 tyrant leeches
  2 snapping turtles (Lair:5)
  Prince Ribbit (Bailey)
  22 blink frogs
  A raiju (shapeshifter) (D:14)
  12 dream sheep
  9 slime creatures
  5 spriggans
  2 shadows
  2 air elementals (Elf:2)
  58 yaks
  5 fire elementals
  3 water elementals
  4 wyverns
  5 humans (Bailey)
  4 fire bats (D:14)
  2 wraiths
  9 vampire mosquitoes
  A golden eye (Abyss:4)
  Eustachio (D:4)
  7 steam dragons
  9 basilisks
  5 wargs
  A chaos spawn (Abyss:4)
  2 acid dragons
  18 swamp worms
  7 large abominations (Abyss:4)
  32 nagas
  9 hell hounds
  30 water moccasins
  3 sky beasts
  An ice beast (D:8)
  4 black bears
  4 great orb of eyes simulacra (IceCv)
  11 swamp drakes
  An ice beast (shapeshifter) (D:14)
  49 orc warriors
  11 ogres
  11 centaurs
  4 wolves (Lair:1)
  7 slime creature simulacra (IceCv)
  2 elf zombies (Ossuary)
  A phantom (D:4)
  26 bullfrogs
  5 kobold brigands
  2 scorpions (D:5)
  2 gnoll sergeants
  3 deep troll simulacra (Snake:1)
  3 glowing shapeshifter simulacra (IceCv)
  4 earth elementals
  3 wights (D:8)
  5 small abominations (Abyss:4)
  7 killer bees
  5 electric eels
  7 howler monkeys
  4 centaur zombies (Ossuary)
  5 lava snakes
  An iron imp (Abyss:4)
  2 hounds
  5 human zombies (Ossuary)
  A jelly (D:4)
  13 orc priests
  A gnoll bouda (D:8)
  15 starcursed masses (Abyss:4)
  2 sleepcaps (D:5)
  3 iguanas
  22 orc wizards
  3 mummies (Ossuary)
  Robin (D:4)
  25 adders
  6 river rats
  15 gnolls
  A shadow imp (D:6)
  2 white imps
  2 ufetubi
  5 worms
  3 dart slugs
  82 orcs
  16 ball pythons
  7 endoplasms
  3 giant cockroaches
  16 goblins
  17 hobgoblins
  6 jackals
  20 kobolds
  4 quokkas
  10 bats
  9 frilled lizards
  35 rats
  2 fire vortices (D:14)
1357 creatures vanquished.

Vanquished Creatures (collateral kills)
  A lich (Abyss:4)
  A quicksilver ooze (IceCv)
  A boulder beetle (Lair:5)
  A naga warrior (Snake:4)
  3 death yaks
  A thrashing horror (Abyss:4)
  A goliath frog (Swamp:1)
  A deep elf pyromancer (Elf:2)
  A salamander (Snake:1)
  A cyclops (Orc:1)
  2 black mambas
  A naga mage (Snake:1)
  A gargoyle (D:13)
  An efreet (Gauntlet)
  A komodo dragon (Lair:5)
  An ancient zyme (Abyss:4)
  A hornet (Swamp:1)
  2 slime creatures (D:12)
  A spriggan (Swamp:1)
  2 wyverns
  2 yaks
  A wraith (D:10)
  A dire elephant simulacrum (Snake:1)
  2 fire elementals (Gauntlet)
  2 vampire mosquitoes (D:12)
  A naga (Snake:4)
  3 orc warriors
  A kobold brigand (D:3)
  A small abomination (Abyss:4)
  A deep troll simulacrum (Snake:1)
  A human zombie (Ossuary)
  An orc priest (D:9)
  2 starcursed masses (Abyss:4)
  An adder (Sewer)
  5 orcs
  A rat (Sewer)
51 creatures vanquished.

Vanquished Creatures (others)
  A hydra (Swamp:4)
  A spriggan druid (Swamp:1)
  A swamp dragon (Swamp:4)
  A deep elf zephyrmancer (Elf:2)
  2 bloated husks (Swamp:1)
  A yak (Lair:3)
  A swamp worm (Swamp:3)
  2 swamp drakes (Swamp:4)
  A small abomination (Abyss:4)
  An orc (Orc:2)
  A fire vortex (D:14)
  38 foxfires
  12 starspawn tentacles (Abyss:4)
63 creatures vanquished.

Grand Total: 1471 creatures vanquished

Notes
Turn   | Place    | Note
-------+----------+-------------------------------------------
     0 | D:1      | McKennaii the Demonspawn Fighter began the quest for the
                  | Orb.
     0 | D:1      | Reached XP level 1. HP: 18/18 MP: 1/1
   163 | D:1      | Gained mutation: You are partially covered in razor-sharp
                  | scales. (AC +1, Slay +1) [demonic ancestry]
   163 | D:1      | Reached XP level 2. HP: 23/24 MP: 2/2
   871 | D:2      | Reached XP level 3. HP: 17/29 MP: 3/3
  1326 | D:2      | Reached XP level 4. HP: 29/35 MP: 4/4
  1686 | D:3      | Identified a scroll of acquirement
  1875 | D:3      | Found a glowing drain.
  1880 | Sewer    | Entered a sewer
  1995 | Sewer    | Gained mutation: A weak demonic guardian rushes to your
                  | aid. [demonic ancestry]
  1995 | Sewer    | Reached XP level 5. HP: 26/42 MP: 5/5
  2534 | Sewer    | Gained mutation: You have large cloven feet. [demonic
                  | ancestry]
  2534 | Sewer    | Reached XP level 6. HP: 34/48 MP: 6/6
  2901 | D:3      | Found an ornate altar of the Wu Jian Council.
  2988 | D:3      | Found the +7 Throatcutter {drain, coup de grace}
  3011 | D:3      | Gained mutation: [Your body sometimes deteriorates upon
                  | taking damage.] [potion of mutation]
  3011 | D:3      | Gained mutation: Your flesh is cold resistant. (rC+)
                  | [potion of mutation]
  3011 | D:3      | Gained mutation: [You occasionally lose the ability to read
                  | scrolls when taking damage.] [potion of mutation]
  3011 | D:3      | Gained mutation: You passively map a small area around you.
                  | [potion of mutation]
  3034 | D:3      | Lost mutation: Your flesh is cold resistant. (rC+) [potion
                  | of mutation]
  3034 | D:3      | Lost mutation: You passively map a small area around you.
                  | [potion of mutation]
  3034 | D:3      | Lost mutation: [Your body sometimes deteriorates upon
                  | taking damage.] [potion of mutation]
  3034 | D:3      | Gained mutation: You are agile. (Dex +4, Str/Int -1)
                  | [potion of mutation]
  3034 | D:3      | Lost mutation: [You occasionally lose the ability to read
                  | scrolls when taking damage.] [potion of mutation]
  3034 | D:3      | Gained mutation: You have a beak for a mouth. [potion of
                  | mutation]
  3034 | D:3      | Gained mutation: Your natural rate of healing is unusually
                  | fast. [potion of mutation]
  3117 | D:3      | Reached XP level 7. HP: 55/55 MP: 7/7
  3126 | D:3      | Found a shimmering altar of Xom.
  3129 | D:3      | Found a shimmering blue altar of Sif Muna.
  3130 | D:3      | Found a shadowy altar of Dithmenos.
  3468 | D:4      | Reached skill level 5 in Fighting
  3468 | D:4      | Reached skill level 1 in Long Blades
  3523 | D:4      | Noticed Robin
  3538 | D:4      | Reached skill level 5 in Shields
  3552 | D:4      | Killed Robin
  3661 | D:4      | Noticed Eustachio
  3668 | D:4      | Killed Eustachio
  3669 | D:4      | Reached skill level 5 in Armour
  3669 | D:4      | Gained mutation: You have hoof-like feet. [demonic
                  | ancestry]
  3669 | D:4      | Reached XP level 8. HP: 63/63 MP: 8/8
  3671 | D:4      | Found a staircase to the Ecumenical Temple.
  3742 | D:4      | Found a radiant altar of Vehumet.
  4437 | D:5      | Entered Level 5 of the Dungeon
  4481 | D:5      | Found Ysiw's Lightly-Used Armoury.
  5302 | D:6      | Found a stormy altar of Qazlal.
  5408 | D:6      | Found a sand-covered staircase.
  5418 | Ossuary  | Entered an ossuary
  5502 | Ossuary  | Gained mutation: A demonic guardian rushes to your aid.
                  | [demonic ancestry]
  5502 | Ossuary  | Reached XP level 9. HP: 71/71 MP: 9/9
  6579 | D:7      | Reached skill level 5 in Long Blades
  6952 | D:7      | Found a sacrificial altar of Ru.
  7241 | D:8      | Reached XP level 10. HP: 53/80 MP: 10/10
  7265 | D:8      | Found an opulent altar of Gozag.
  7486 | D:8      | Found an iron altar of Okawaru.
  7730 | D:9      | Found a snail-covered altar of Cheibriados.
  7995 | D:9      | Found a staircase to the Lair.
  8388 | D:10     | Entered Level 10 of the Dungeon
  8494 | D:10     | Noticed a two-headed ogre
  8565 | D:10     | Killed a two-headed ogre
  8566 | D:10     | Gained mutation: You regenerate a little health from kills.
                  | [demonic ancestry]
  8566 | D:10     | Reached XP level 11. HP: 40/90 MP: 11/11
  8597 | D:10     | Found a flagged portal.
  8597 | D:10     | Noticed Fannar
  8610 | D:10     | Killed Fannar
  8634 | Bailey   | Entered a bailey
  8639 | Bailey   | Reached skill level 10 in Fighting
  8723 | Bailey   | Noticed Prince Ribbit
  8723 | Bailey   | Noticed a vault guard
  8729 | Bailey   | Killed Prince Ribbit
  8742 | Bailey   | Killed a vault guard
  8794 | Bailey   | Noticed a vault guard
  8803 | Bailey   | Killed a vault guard
  8858 | Bailey   | Reached skill level 10 in Armour
  8945 | D:10     | Identified the +2 short sword "Usuumecinn" {antimagic,
                  | Will- Int+4 Stlth+}
  9174 | D:10     | Got the Compendium of the Swarm
  9629 | D:11     | Found a staircase to the Orcish Mines.
  9667 | D:11     | Noticed a green ugly thing
  9691 | D:10     | Killed a green ugly thing
  9692 | D:10     | Gained mutation: You have hooves in place of feet. [demonic
                  | ancestry]
  9692 | D:10     | Reached XP level 12. HP: 102/102 MP: 12/12
  9824 | D:11     | Found a bloodstained altar of Trog.
 10373 | D:12     | Noticed a two-headed ogre
 10382 | D:12     | Killed a two-headed ogre
 10703 | D:13     | Noticed a centaur warrior
 10710 | D:13     | Killed a centaur warrior
 11038 | D:13     | Noticed a centaur warrior
 11044 | D:13     | Killed a centaur warrior
 11151 | D:14     | Found a gate leading to a gauntlet.
 11170 | Gauntlet | Entered a Gauntlet
 11170 | Gauntlet | Found a transporter.
 11173 | Gauntlet | Found a transporter.
 11173 | Gauntlet | Noticed a quicksilver ooze
 11174 | Gauntlet | Found a transporter.
 11175 | Gauntlet | Found a transporter.
 11178 | Gauntlet | Found a transporter.
 11179 | Gauntlet | Found a transporter.
 11185 | Gauntlet | Noticed a reaper
 11188 | Gauntlet | Found a transporter.
 11196 | Gauntlet | Found a transporter.
 11255 | Gauntlet | Found a transporter.
 11271 | Gauntlet | Found a transporter.
 11275 | Gauntlet | Found a transporter.
 11295 | Gauntlet | Found a transporter.
 11375 | Gauntlet | Identified the +2 pair of gloves of Cihe {rElec rN+++ Int-4
                  | SInv}
 11629 | Gauntlet | Acquired a +2 cloak of stealth
 11666 | Gauntlet | Identified the +1 scale mail of Muafus {rC+}
 11691 | Gauntlet | Identified the ring of Nuisk {rN+ EV+5 SInv}
 11691 | Gauntlet | Noticed a minotaur
 11736 | Gauntlet | Killed a minotaur
 11782 | Gauntlet | Got Sif Muna's Directory of Polar Minerals
 11871 | D:14     | Noticed a boulder beetle
 11934 | D:14     | Killed a boulder beetle
 11936 | D:14     | Noticed an entropy weaver
 11936 | D:14     | Noticed Agnes
 11942 | D:14     | Noticed a centaur warrior
 11944 | D:14     | an entropy weaver changed into a cane toad
 11946 | D:14     | Noticed a centaur warrior
 11962 | D:15     | Entered Level 15 of the Dungeon
 11964 | D:15     | Killed Agnes
 12032 | D:14     | Killed a centaur warrior
 12046 | D:14     | Reached XP level 13. HP: 103/112 MP: 13/13
 12219 | D:14     | Found a gate to the Vaults.
 12315 | D:14     | Noticed a fire dragon
 12322 | D:14     | Killed a fire dragon
 13029 | D:15     | Got Tonots's Lectures on Shifting Enchantment
 13304 | Temple   | Entered the Ecumenical Temple
 13444 | D:6      | Became a worshipper of Qazlal Stormbringer
 13640 | D:15     | Found a staircase to the Depths.
 13777 | D:15     | Reached skill level 10 in Shields
 13787 | D:15     | Found Orauraf's Book Boutique.
 13946 | D:15     | Reached * piety under Qazlal
 14040 | D:15     | Reached skill level 15 in Fighting
 14166 | D:15     | Gained mutation: Your hexes are more powerful. [demonic
                  | ancestry]
 14166 | D:15     | Reached XP level 14. HP: 123/123 MP: 14/14
 14507 | Lair:1   | Entered Level 1 of the Lair of Beasts
 14556 | Lair:1   | Noticed Sonja
 14567 | Lair:1   | Killed Sonja
 14624 | Lair:1   | You fall into a shaft and drop 1 floor!
 15179 | Lair:1   | Identified the +7 great mace of Impish Guilt {heavy, MP-9
                  | Str+3}
 15301 | Lair:2   | Reached ** piety under Qazlal
 15537 | Lair:2   | Reached skill level 1 in Invocations
 15561 | Lair:2   | Found a staircase to the Swamp.
 15640 | Lair:2   | Found a staircase to the Snake Pit.
 16054 | Lair:3   | Identified the +5 robe "Azionie" {-Tele +Inv rElec SInv}
 16092 | Lair:3   | Reached *** piety under Qazlal
 16254 | Lair:3   | Noticed Urug
 16260 | Lair:3   | Killed Urug
 16468 | Lair:3   | Reached skill level 5 in Invocations
 16973 | Lair:4   | Reached **** piety under Qazlal
 17057 | Lair:4   | Gained mutation: Your melee attacks may debilitate your
                  | foes. [demonic ancestry]
 17057 | Lair:4   | Reached XP level 15. HP: 131/131 MP: 19/19
 17795 | Lair:5   | Entered Level 5 of the Lair of Beasts
 17890 | Lair:5   | Reached skill level 15 in Armour
 17901 | Lair:5   | Reached ***** piety under Qazlal
 18037 | Lair:5   | Found a runed translucent door.
 18038 | Lair:5   | Found a viscous altar of Jiyva.
 18039 | Lair:5   | Noticed an acid blob
 18337 | Lair:5   | Found the +7 captain's cutlass {speed, disarm}
 18689 | Lair:5   | Found a staircase to the Slime Pits.
 18689 | Lair:5   | Noticed an acid blob
 19004 | Lair:5   | Killed an acid blob
 19023 | Lair:5   | Killed an acid blob
 19210 | Orc:1    | Entered Level 1 of the Orcish Mines
 19284 | Orc:2    | Entered Level 2 of the Orcish Mines
 19284 | Orc:2    | Found a staircase to the Elven Halls.
 19419 | Orc:2    | Found a dark tunnel.
 19444 | Volcano  | Entered a volcano
 19982 | Orc:2    | Gained mutation: A powerful demonic guardian rushes to your
                  | aid. [demonic ancestry]
 19982 | Orc:2    | Reached XP level 16. HP: 139/139 MP: 23/23
 20005 | Orc:2    | Reached ****** piety under Qazlal
 20116 | Orc:2    | Found Suoff's Magic Scroll Shop.
 20116 | Orc:2    | Found Kaudez's Weapon Emporium.
 20138 | Orc:2    | Bought a scroll of acquirement for 728 gold pieces
 20138 | Orc:2    | Bought a scroll of teleportation for 42 gold pieces
 20415 | Orc:2    | Found Caclesau's Armour Shop.
 20415 | Orc:2    | Found Fiuwk's Book Emporium.
 20824 | Orc:1    | Reached skill level 10 in Invocations
 20955 | Orc:1    | Found Nofetox's Book Shoppe.
 21248 | Snake:1  | Entered Level 1 of the Snake Pit
 21255 | Snake:1  | Acquired 990 gold pieces
 21264 | Snake:1  | Noticed Aizul
 21283 | Snake:1  | Killed Aizul
 21416 | Snake:1  | Found a frozen archway.
 21441 | IceCv    | Entered an ice cave
 21700 | IceCv    | Lost intelligence.
 21811 | IceCv    | Acquired the amulet "Zoofrot" {Faith Regen+ Str+3}
 21913 | IceCv    | Found a viscous altar of Jiyva.
 21932 | IceCv    | Identified the +1 cloak of Lesser Demons {Str+6}
 21956 | IceCv    | Got the ring of Xainn {Ice Slay+2}
 23160 | Snake:2  | Found Kahugrey's Jewellery Shoppe.
 23529 | Snake:2  | Found Isanaq's Book Shop.
 23529 | Snake:2  | Found Bixof's Jewellery Emporium.
 23531 | Snake:2  | Found Ypeperry's Book Shop.
 23541 | Snake:2  | Bought a manual of Long Blades for 800 gold pieces
 23785 | Snake:3  | Found Heosuib's Antique Armour Shop.
 23788 | Snake:3  | Bought a slimy tower shield for 351 gold pieces
 23788 | Snake:3  | Identified the -1 tower shield of the Tentacled Sparrow
                  | {Dex+4 SInv} (You bought it in a shop on level 3 of the
                  | Snake Pit)
 23828 | Snake:3  | Gained mutation: You regenerate health from kills. [demonic
                  | ancestry]
 23828 | Snake:3  | Reached XP level 17. HP: 137/148 MP: 25/25
 23949 | Snake:3  | Reached skill level 10 in Long Blades
 24198 | Snake:3  | Found Wetaycul's Distillery.
 24232 | Snake:3  | Bought a potion of heal wounds for 60 gold pieces
 24232 | Snake:3  | Bought a potion of heal wounds for 60 gold pieces
 24232 | Snake:3  | Bought a potion of magic for 96 gold pieces
 24232 | Snake:3  | Bought 2 potions of magic for 192 gold pieces
 24407 | Snake:3  | Found Azxak's Assorted Antiques.
 24588 | Snake:3  | Found Ecyloint's Book Emporium.
 24985 | Snake:4  | Entered Level 4 of the Snake Pit
 25771 | Snake:4  | Reached XP level 18. HP: 151/157 MP: 15/28
 25851 | Snake:4  | Got a serpentine rune of Zot
 26026 | Snake:4  | Found Loino's Self-Improvement Boutique.
 26048 | Snake:4  | Bought a manual of Armour for 1360 gold pieces
 26280 | Swamp:1  | Entered Level 1 of the Swamp
 26811 | Swamp:1  | You fall into a shaft and drop 1 floor!
 27570 | Swamp:3  | Noticed Mara
 27592 | Swamp:3  | Noticed McKennaii's illusion
 27658 | Swamp:3  | Noticed McKennaii's illusion
 27688 | Swamp:3  | Killed Mara
 28371 | Swamp:4  | Entered Level 4 of the Swamp
 28625 | Swamp:3  | Reached skill level 15 in Invocations
 28884 | Swamp:4  | Got a decaying rune of Zot
 29425 | Elf:1    | Entered Level 1 of the Elven Halls
 29528 | Elf:1    | Reached skill level 15 in Shields
 29578 | Elf:1    | Found Yggikhli's Armour Emporium.
 29656 | Elf:1    | Reached XP level 19. HP: 165/165 MP: 30/30
 29706 | Elf:1    | Got Sif Muna's Omnibus of Adjuration
 30120 | Elf:2    | Paralysed by an air elemental for 1 turns
 30253 | Elf:2    | Found Noukh's General Store.
 30261 | Elf:2    | Bought a scroll of teleportation for 57 gold pieces
 30261 | Elf:2    | Bought a scroll of teleportation for 57 gold pieces
 30364 | Elf:2    | Paralysed by an air elemental for 1 turns
 30830 | Elf:2    | Found a runed translucent gate.
 30830 | Elf:2    | Found a runed translucent gate.
 30830 | Elf:2    | Found a runed translucent gate.
 31305 | Elf:3    | Entered Level 3 of the Elven Halls
 31432 | Elf:3    | Found Faficuung's Jewellery Emporium.
 31766 | Elf:3    | Identified the +1 helmet "Ungemib" {-Tele Str+9 Dex+5}
 32039 | Abyss:4  | Found a corrupted altar of Lugonu.
 32039 | Abyss:4  | Cast into level 4 of the Abyss (+1 glaive of distortion)
 32061 | Abyss:4  | Noticed a bone dragon
 32074 | Abyss:4  | Found a corrupted altar of Lugonu.
 32078 | Abyss:4  | Found a corrupted altar of Lugonu.
 32146 | Abyss:4  | Noticed a profane servitor
 32168 | Abyss:4  | Killed a profane servitor
 32254 | Abyss:4  | Paralysed by accursed screaming for 1 turns
 32270 | Abyss:4  | Lost intelligence.
 32279 | Abyss:4  | HP: 8/167 [starcursed mass/accursed screaming (6)]
 32280 | Abyss:4  | HP: 3/167 [thrashing horror (5)]
 32308 | Abyss:4  | Paralysed by accursed screaming for 2 turns
 32308 | Abyss:4  | HP: 7/167 [smoke demon/divine providence (9)]
 32309 | Abyss:4  | Killed from afar by a wretched star

Illustrated notes

Levels and vault maps discovered:
D:1:      shiori_arrival_elements, layout_loops_ring, st_stairs_3,
          minmay_tromino_i4
D:2:      layout_basic, grunt_ministairs_6, minmay_randomly_rotated_circles
D:3:      layout_loops_ring, minitemple, gup_sewer_entry_bowl,
          dilly_guarded_unrand_throatcut
D:4:      layout_basic, kennysheep_mini_moat, lemuel_temple_firewalk_b,
          minmay_misc_feat_diagonals, hangedman_decor_lopped,
          hangedman_glass_teeth, hangedman_feature_mirror, uniq_robin,
          uniq_eustachio
D:5:      layout_loops_ring, kennysheep_donut, minmay_shop_damaged,
          amcnicky_mini_corridor_feature
D:6:      layout_layer_cave, nicolae_qazlal_beasts_of_the_sky,
          nicolae_ossuary_entry_ruins, nicolae_underground_beach
D:7:      layout_basic, lemuel_crystal_altar
D:8:      layout_rooms, mainiacjoe_overflow_cross_hatched,
          mainiacjoe_overflow_alcove_1, grunt_gozag_statues,
          nicolae_straight_to_the_point
D:9:      layout_basic, cheibriados_altar_1, erik_lair_dragon
D:10:     kennysheep_spiral_hall, layout_long_grid, enter_bailey_5, uniq_fannar
D:11:     layout_cross, orc_0_dummy, trog_antimagical
D:12:     layout_cave_pools
D:13:     layout_roguey, kennysheep_nub
D:14:     layout_loops_ring, erik_vaults_1, serial_park_square3
          [serial_park_minivault_5x5_1], gauntlet_entry_generic,
          hangedman_incinerator, uniq_agnes
D:15:     gammafunk_depths_entry_grave, layout_loops_ring, serial_shops,
          nicolae_shop_back_alley_shop, serial_bayou_pond_a, minmay_checkerbox
Temple:   nicolae_temple_ecumenical_triangle
Lair:1:   layout_concentric_octagons, st_stairs_6,
          nicolae_quartered_pool_impasse, uniq_sonja
Lair:2:   layout_roguey, nicolae_swamp_entry_splash_gauntlet, dummy_snake_entry,
          chequers_serial_rivers_large_b, chequers_serial_rivers_marsh
Lair:3:   lemuel_reptile_caves, layout_cave_pods, beast_lair_carwin_2, uniq_urug
Lair:4:   layout_gridlike, serial_bayou_pond_c, beast_lair_carwin_8
Lair:5:   gammafunk_lair_ancient_temple, layout_small_grid, slime_entry_2,
          nzn_sisyphean_effort
Swamp:1:  layout_falls_marsh, hangedman_swamp_cone
Swamp:2:  layout_basic_swamp, serial_swamp_ruin, evilmike_swamp_ruin_house_5,
          evilmike_swamp_ruin_house_2, evilmike_swamp_ruin_house_4, swamp_pool1,
          nicolae_swamp_bunyip_nook, infiniplex_staircase_pool_2
Swamp:3:  layout_basic_swamp, evilmike_swamp_ruin_rubble_2, uniq_mara
Swamp:4:  swamp_fiery, layout_basic_swamp, infiniplex_staircase_pool
Snake:1:  layout_gridlike, portal_ice_cave_entry_ice_simulacra,
          serial_bayou_shore_a, grunt_megastairs_1, uniq_aizul
Snake:2:  layout_onion, serial_shops, nicolae_diamond_shop, grunt_megastairs_3,
          minmay_shop_grove
Snake:3:  layout_chambers, serial_shops, shop, nicolae_stop_n_shop_2,
          nicolae_stop_n_shop_2, nicolae_shop_stone,
          nicolae_snake_salamander_fort
Snake:4:  snake_pit_salamanders_mu, layout_rooms, nicolae_shop_self_help
Orc:1:    layout_caves, serial_shops, shop, hellmonk_bongcloud_opening,
          minmay_orc_temple_b
Orc:2:    st_orc_town, layout_diamond_mine, enter_volcano_3, mines_bat_river
Elf:1:    layout_geoelf_octagon, serial_shops, nicolae_shop_back_alley_shop,
          minmay_elf_demonology
Elf:2:    nicolae_elf_blades_splatter_lattice [nooodl_blade_entry_preview],
          layout_onion_city, serial_shops, shop, serial_sigils_hangedman_writhe,
          lemuel_upstairs_altar
Elf:3:    minmay_elf_hall_furrowed, layout_loops_corners, serial_shops,
          nicolae_shop_just_a_little_nook
Abyss:4:  base: D:2, nicolae_abyss_rune_left_handed,
          hangedman_classic_abyss_death, doesnt_abyss_rune_brain_food

Skill      XL: |  1  2  3  4  5  6  7  8  9 10 11 12 13 14 15 16 17 18 19 |
---------------+----------------------------------------------------------+-----
Polearms       | 2 3 |  3.6
Shields        | 3 4 5 6 7 8 10 11 12 13 14 15 | 15.8
Armour         | 3 4 5 6 7 8 11 12 13 14 15 16 18 19 | 19.3
Fighting       | 4 5 6 7 9 11 13 15 16 17 18 19 | 19.6
Long Blades    | 2 3 5 6 8 9 12 13 14 | 14.1
Invocations    | 6 9 11 13 15 16 | 16.7

Action                     |  1- 3 |  4- 6 |  7- 9 | 10-12 | 13-15 | 16-18 | 19-21 || total
---------------------------+-------+-------+-------+-------+-------+-------+-------++-------
  Melee: Trident           |   113 |   281 |       |       |    12 |       |       ||   406
         Kick              |       |    14 |    46 |   174 |   426 |   643 |   181 ||  1484
         Long sword        |       |     1 |   208 |   523 |  1049 |  1599 |    45 ||  3425
         Peck              |       |       |    32 |   121 |   304 |   425 |   108 ||   990
         Double sword      |       |       |       |       |       |       |   405 ||   405
  Throw: Throwing net      |       |       |       |       |     1 |       |       ||     1
 Invoke: Upheaval          |       |       |       |       |       |     6 |       ||     6
  Evoke: Wand              |       |       |       |    17 |     3 |     1 |       ||    21
    Use: Scroll            |       |     6 |     8 |    12 |     3 |     3 |     5 ||    37
         Potion            |       |     5 |       |     4 |       |     2 |     4 ||    15
   Stab: Distracted        |       |       |     2 |     3 |     1 |       |       ||     6
 Armour: Scale mail        |    42 |   161 |   118 |    43 |       |       |       ||   364
         Plate armour      |       |       |       |   333 |   855 |   967 |   236 ||  2391
  Dodge: Dodged            |    55 |   152 |   142 |   232 |   462 |   640 |   127 ||  1810
         Repelled          |       |       |       |       |     4 |    26 |     6 ||    36
  Block: Buckler           |    35 |    87 |    70 |   182 |       |       |       ||   374
         Tower shield      |       |       |       |    70 |  1651 |  2750 |   616 ||  5087
